 Dungeon Crawl Stone Soup version 0.31-a0-187-gba352fbbf7 (webtiles) character file.

Game seed: 16545597665153896749

76 qw the Shooter (level 4, -1/25 HPs)
             Began as a Deep Elf Hunter on June 22, 2023.
             Slain by an orc priest
             ... wielding a +0 falchion
              (4 damage)
             ... on level 3 of the Dungeon.
             The game lasted 00:00:53 (1996 turns).

qw the Shooter (Deep Elf Hunter)                    Turns: 1996, Time: 00:00:54

Health: -1/25      AC:  4    Str: 10    XL:     4   Next: 12%
Magic:  6/6        EV: 12    Int: 14    God:
Gold:   124        SH:  0    Dex: 18    Spells: 3/3 levels left

rFire   . . .        Y - +1 shortbow
rCold   . . .        (shield currently unavailable)
rNeg    . . .        c - +0 leather armour
rPois   .            (no helmet)
rElec   .            i - +0 cloak
rCorr   .            (no gloves)
SInv    +            (no boots)
Will    .....        (no amulet)
Stlth   ++           f - ring of see invisible
HPRegen 0.24/turn    (no ring)
MPRegen 0.10/turn

%: no passive effects
@: no status effects
A: no striking features
a: no special abilities


You were on level 3 of the Dungeon.
You visited 1 branch of the dungeon, and saw 3 of its levels.

You collected 124 gold pieces.


   Skills:
 - Level 1.5 Fighting
 + Level 7.5 Ranged Weapons
 - Level 2.4 Dodging
 - Level 1.2 Stealth


You had 3 spell levels left.
You didn't know any spells.
Your spell library was empty.

Inventory:

Hand Weapons
 Y - a +1 shortbow (weapon)
Armour
 c - a +0 leather armour (worn)
 i - a +0 cloak (worn)
Jewellery
 f - a ring of see invisible (left hand)
Scrolls
 a - a scroll of identify
Potions
 d - a potion of curing {unknown}
 e - a potion of brilliance {unknown}
 h - a potion of magic {unknown}

Dungeon Overview and Level Annotations

Branches:
Dungeon (3/15)

Altars:

Shops:
D:1 (


Message History

You now have 124 gold pieces (gained 8).
You open the door.
An orc priest and 4 orcs come into view.
The orc priest shouts!
The orc shouts! x2
Found 58 gold pieces.
Found a roughly hewn altar of Beogh.
Enter note:
Enter note:
Enter note: You shoot an arrow.
The orc shouts! x2
The arrow hits the orc!
You kill the orc!
You shoot an arrow.
The arrow hits the orc but does no damage.
You shoot an arrow.
The arrow hits the orc but does no damage.
The orc priest looks encouraged for a moment.
You shoot an arrow. The arrow closely misses the orc.
The arrow hits the orc but does no damage.
The orc hits you but does no damage.
You shoot an arrow. The arrow hits the orc.
The orc is heavily wounded.
The orc hits you but does no damage.
You shoot an arrow. The arrow hits the orc.
The orc is severely wounded.
The orc hits you but does no damage.
You shoot an arrow. The arrow hits the orc.
You kill the orc!
The orc priest invokes the aid of Beogh against you.
Pain shoots through your body!
You shoot an arrow. The arrow hits the orc!
You kill the orc!
You shoot an arrow. The arrow hits the orc priest.
The orc priest is lightly wounded.
The orc priest calls down the wrath of Beogh upon you.
Beogh smites you!
You shoot an arrow. The arrow hits the orc priest.
The orc priest is heavily wounded.
The orc priest hits you with a +0 falchion.
You die...

...##...# #.#
...##...# #.#
...##...# #.#
#.......##### #.#
#............ #.#
#.....#.##### #.#
#....<#..##.$$ #.#
#....## ##$8.8.#####.#
.........#_$.)oo@....#
##########$8.8.#######
##.$. ###


You could see an orc priest and an orc.

Vanquished Creatures
  2 adders
  A worm (D:2)
  A dart slug (D:2)
  3 orcs (D:3)
  2 bats (D:1)
  3 endoplasms
  A giant cockroach (D:3)
  A goblin (D:1)
  6 hobgoblins
  8 jackals (D:1)
  5 kobolds
  3 quokkas
  5 ball pythons
  3 frilled lizards
  A rat (D:2)
45 creatures vanquished.

Notes
Turn   | Place    | Note
-------+----------+-------------------------------------------
     0 | D:1      | qw the Deep Elf Hunter began the quest for the Orb.
     0 | D:1      | Reached XP level 1. HP: 12/12 MP: 3/3
     0 | D:1      | 0 ||| qw: Version: 0.3-a-9-g12657ce
     0 | D:1      | 0 ||| qw: Game counter: 2532
     0 | D:1      | 0 ||| qw: Always use a shield: true
     0 | D:1      | 0 ||| qw: God list: Okawaru
     0 | D:1      | 0 ||| qw: Allow faded altars: false
     0 | D:1      | 0 ||| qw: Do Orc after D:15 true
     0 | D:1      | 0 ||| qw: Do second Lair branch before Depths: true
     0 | D:1      | 0 ||| qw: Lair rune preference: random
     0 | D:1      | 0 ||| qw: Plans: Normal
     0 | D:1      | 0 ||| PLANNING D:1-11
   117 | D:1      | Reached XP level 2. HP: 16/16 MP: 4/4
   123 | D:1      | Reached skill level 6 in Ranged Weapons
   134 | D:1      | Found Ussimig's Weapon Shop.
   343 | D:1      | Reached XP level 3. HP: 18/20 MP: 5/5
   567 | D:1      | 567 ||| UPGRADING to +0 cloak.
   572 | D:1      | 572 ||| UPGRADING to ring of see invisible.
   573 | D:1      | 573 ||| READING 2 scrolls labelled CUNIEGHOARGH.
   574 | D:1      | 574 ||| READING scroll labelled JAXOPR BIOMIE.
   575 | D:1      | 575 ||| DROPPING scroll of butterflies.
   802 | D:2      | Reached skill level 7 in Ranged Weapons
  1656 | D:2      | 1656 ||| READING scroll labelled QETZIN TUCZAI.
  1657 | D:2      | 1657 ||| READING scroll labelled UWUESY FAPNA.
  1659 | D:2      | 1659 ||| Stepping ~*~*~tactically~*~*~ (cloud).
  1664 | D:2      | HP: 5/20 [poisoned by you (poison gas)]
  1893 | D:3      | Reached XP level 4. HP: 25/25 MP: 6/6
  1995 | D:3      | HP: 3/25 [orc priest/divine providence (12)]
  1996 | D:3      | Slain by an orc priest

Levels and vault maps discovered:
D:1:      erik_arrival_blinker_ship, layout_loops_ring, serial_shops,
          nicolae_shop_crystal
D:2:      layout_loops_corners, serial_forest, infiniplex_forest_end_2,
          infiniplex_forest_clump_small, infiniplex_forest_lined_room_3,
          infiniplex_forest_straight_3, infiniplex_forest_zigzag_1,
          infiniplex_forest_zigzag_1, infiniplex_forest_corner_2,
          infiniplex_forest_end_3
D:3:      layout_basic, nicolae_hepliaklqana_monster_ancestors, st_stairs_2,
          chequers_arboretum, kennysheep_orc_chapel, uniq_natasha

Skill      XL: |  1  2  3 |
---------------+----------+-----
Ranged Weapons | 6 7 |  7.5
Fighting       | |  1.5
Dodging        | |  2.4
Stealth        | |  1.2

Action                     |  1- 3 |  4- 6 || total
---------------------------+-------+-------++-------
   Fire: Shortbow          |   232 |    11 ||   243
    Use: Scroll            |     4 |       ||     4
 Armour: Leather armour    |    20 |     3 ||    23
  Dodge: Dodged            |    60 |       ||    60

Table legend:
 A = Non-vault XP
 B = Vault XP
 C = Vault XP percentage of total XP
 D = Non-vault monster count
 E = Vault monster count
 F = Vault count percentage of total count
                 A         B        C        D         E       F
            +---------+---------+-------+---------+---------+-------
      Total |      84 |      25 |  22.9 |      39 |       6 |  13.3
            +---------+---------+-------+---------+---------+-------
        D:1 |      44 |       0 |   0.0 |      25 |       0 |   0.0
        D:2 |      34 |       0 |   0.0 |      10 |       0 |   0.0
        D:3 |       6 |      25 |  80.6 |       4 |       6 |  60.0
            +---------+---------+-------+---------+---------+-------
